 Dungeon Crawl Stone Soup version 0.14.2 (console) character file.

8935 FIQ the Cleaver (level 11, -4/95 HPs)
             Began as a Minotaur Death Knight on Feb 3, 2016.
             Was a High Priest of Yredelemnul.
             Shot with an arrow by a centaur (5 damage)
             ... on Level 11 of the Dungeon.
             The game lasted 00:40:30 (10071 turns).

FIQ the Cleaver (Minotaur Death Knight)            Turns: 10071, Time: 00:40:30

HP  -4/95        AC 18     Str 23      XL: 11   Next:  6%
MP  18/18        EV  6     Int  8      God: Yredelemnul [*****.]
Gold 781         SH  0     Dex 15 (16) Spells:  0 memorised, 10 levels left

rFire  + + .     SeeInvis .     j - +1,+0 whip (elec)
rCold  . . .     Clarity  .     h - +2 plate armour {rF+}
rNeg   . . .     Conserve .     (no shield)
rPois  .         rCorr    +     (helmet restricted)
rElec  .         rRot     .     (no cloak)
SustAb . .       Spirit   .     w - +0 pair of gloves (curse)
rMut   .         Warding  .     s - +0 pair of boots (curse)
Saprov . . .     Stasis   .     S - amulet of resist corrosion {unknown}
MR     .....                    D - +4 ring of strength
                                b - ring of protection from fire

@: not resistant to hostile enchantments, extremely unstealthy
A: retaliatory headbutt, horns 2, agile 1, herbivore 1, strong 1
a: Animate Dead, Recall Undead Slaves, Injury Mirror, Drain Life, Enslave Soul,
Renounce Religion


You were on level 11 of the Dungeon.
You worshipped Yredelemnul.
Yredelemnul was extremely pleased with you.
You were not hungry.

You visited 3 branches of the dungeon, and saw 15 of its levels.

You collected 1075 gold pieces.
You spent 294 gold pieces at shops.

Inventory:

Hand weapons
 a - a cursed +1,+1 hand axe
 d - a +2,+2 dagger of draining
 j - a +1,+0 whip of electrocution (weapon)
 P - a +0,+2 quarterstaff of draining
Armour
 h - a +2 plate armour of fire resistance (worn)
 s - a cursed +0 pair of boots (worn)
 w - a cursed +0 pair of gloves (worn)
Magical devices
 f - a wand of invisibility (3)
 g - a wand of flame (4)
 o - a wand of confusion (6)
 p - a wand of frost (18)
 C - a wand of paralysis (8)
 K - a wand of lightning (1)
 R - a wand of slowing (6)
Comestibles
 c - 6 bread rations
 k - 3 meat rations
 I - a pear
 O - 6 beef jerkies
 Q - 9 strawberries
 T - 5 rotting chunks of orc flesh
Scrolls
 e - a scroll of random uselessness
 i - a scroll of enchant weapon I
 m - a scroll of amnesia
 q - 3 scrolls of enchant weapon II
 r - a scroll of fear
 u - 6 scrolls of remove curse
 x - 3 scrolls of teleportation
 y - 2 scrolls of enchant armour
 B - a scroll of summoning
 E - 3 scrolls of magic mapping
 G - 7 scrolls of blinking
Jewellery
 b - a ring of protection from fire (left hand)
 t - an uncursed ring of ice
 D - a +4 ring of strength (right hand)
 S - an amulet of resist corrosion (around neck) {unknown}
 U - an uncursed ring of magical power
Potions
 n - 3 potions of curing
 z - 3 potions of restore abilities
 F - a potion of cure mutation
 J - 4 potions of brilliance
 L - a potion of lignification
 M - 4 potions of agility
 N - 2 potions of heal wounds
Books
 l - a book of Beasts

   Spells                             Type                      Level
   Summon Butterflies                 Summoning                    1
   Call Canine Familiar               Summoning                    3
   Summon Ice Beast                   Ice/Summoning                4
   Summon Mana Viper                  Hexes/Summoning              5
   Monstrous Menagerie                Summoning                    6
   Summon Hydra                       Summoning                    7
 v - a book of Alchemy

   Spells                             Type                      Level
   Lethal Infusion                    Charms/Necromancy            2
   Sublimation of Blood               Necromancy                   2
   Condensation Shield                Ice                          4
   Petrify                            Transmutation/Earth          4
   Ignite Poison                      Fire/Transmutation           5
 A - a book of Conjurations

   Spells                             Type                      Level
   Magic Dart                         Conjuration                  1
   Searing Ray                        Conjuration                  2
   Dazzling Spray                     Conjuration/Hexes            3
   Fulminant Prism                    Conjuration/Hexes            4
   Iskenderun's Mystic Blast          Conjuration                  4
   Iskenderun's Battlesphere          Conjuration/Charms           5
 H - a book of Geomancy

   Spells                             Type                      Level
   Sandblast                          Earth                        1
   Stoneskin                          Transmutation/Earth          2
   Passwall                           Transmutation/Earth          3
   Stone Arrow                        Conjuration/Earth            3
   Petrify                            Transmutation/Earth          4
   Lee's Rapid Deconstruction         Earth                        5


   Skills:
 + Level 8.5 Fighting
 * Level 11.8 Axes
 - Level 3.3 Maces & Flails
 + Level 8.3 Armour
 + Level 7.6 Dodging
 + Level 7.6 Invocations


You had 10 spell levels left.
You didn't know any spells.

Dungeon Overview and Level Annotations

Branches:
Dungeon (11/15)            Temple (0/1) D:4             Orc (3/4) D:9
    Elf (1/3) Orc:3          Lair (0/8) D:10

Altars:
Makhleb
Vehumet
Yredelemnul
Zin
Beogh

Shops:
D:6 !

Annotations:
D:10 Sonja


Innate Abilities, Weirdness & Mutations

You reflexively headbutt those who attack you in melee.
You have a pair of horns on your head.
You are agile. (Dex +2)
You digest meat inefficiently.
Your muscles are strong. (Str +2)


Message History

Your flying skull hits the orc warrior.
The orc warrior dies!
Yredelemnul accepts your slave's kill.
Things that are here:
an uncursed bow; 15 poisoned arrows The orc closely misses your flying skull.
Your flying skull hits the orc.
The orc dies!
Yredelemnul accepts your slave's kill.
You swap places.
Things that are here:
a long sword; a plate armour; an orc corpse A centaur comes into view.
The centaur shouts!
The centaur wields a bow.
The centaur shoots an arrow.
The arrow hits you!
* * * LOW HITPOINT WARNING * * *
You see here an arrow.
You swap places.
The centaur shoots an arrow.
The arrow hits you!
You die...
Your body rises from the dead as a mindless zombie.

..................#
.........#..#.##..###.
......................
####.#......#.#........
.......................
.###..........(........
.# .#.#................
.###.#.#..#.#.#)...#.###.
.........................
.###.#.#..#.#)#)z........
.# ..#.#.#z@.....##.. .#
.........z........ .#
.#.#.#...#...##.. .#
............... z#
.........#...##. z#
#.#........ .. z#
.#.#.....## # z# ......c.
z# .....#. z# ... .#


You could see a centaur and 3 friendly flying skulls.

Vanquished Creatures
  3 hill giants
  Grinder (D:5)
  A two-headed ogre (D:10)
  A troll (D:10)
  3 yaks (D:9)
  A hungry ghost (D:10)
  A shark (D:9)
  Menkaure (D:6)
  An orc warrior (Orc:3)
  2 black bears
  A sky beast (D:10)
  4 ice beasts
  The ghost of FIQ the Fey Minotaur, an average MiDK of Yredelemnul (D:3)
  4 ogres
  Sigmund (D:5)
  A centaur (D:11)
  2 giant frogs (D:8)
  A wyvern skeleton (D:10)
  3 scorpions
  2 killer bees (D:8)
  2 electric eels (D:11)
  A crimson imp (D:7)
  2 goliath beetles
  4 orc priests
  A jelly (D:9)
  3 hounds
  9 orc wizards
  A worker ant (D:4)
  Ijyb (D:2)
  Jessica (D:3)
  2 hound skeletons
  A mummy (D:8)
  15 adders
  3 gnolls (D:10)
  A giant mite (D:6)
  An inept item mimic (D:4)
  3 worms
  An orc skeleton (D:6)
  2 giant eyeballs
  2 giant geckos
  5 oozes
  37 orcs
  6 giant cockroaches
  11 hobgoblins
  3 quokkas
  12 bats
  5 giant newts
  10 goblins
  A hobgoblin zombie (D:8)
  18 jackals
  18 kobolds
  A kobold skeleton (D:6)
  2 orc zombies
  16 rats
  A rat skeleton (D:6)
237 creatures vanquished.

Vanquished Creatures (collateral kills)
  Fannar (Orc:2)
  Nergalle (Orc:3)
  Psyche (D:10)
  A komodo dragon (D:10)
  A water elemental (D:11)
  A hill giant zombie (D:7)
  A wyvern (D:10)
  2 yaks (D:9)
  A wraith (D:11)
  5 orc warriors
  An ice beast (D:9)
  2 phantoms
  3 sky beasts
  A centaur (D:9)
  A crocodile (D:11)
  2 ogres
  Blork the orc (D:9)
  4 giant frogs
  A killer bee (D:8)
  An electric eel (D:9)
  2 crimson imps
  7 orc priests
  2 hounds (D:9)
  5 orc wizards
  2 iguanas
  3 worker ants
  An ogre zombie (D:7)
  A crocodile skeleton (D:9)
  A gnoll (D:10)
  A scorpion zombie (D:7)
  An adder (D:7)
  2 shadow imps
  A worm (D:7)
  An adder zombie (D:7)
  A giant eyeball (D:7)
  60 orcs
  3 hobgoblins
  3 kobolds (D:9)
  2 bats
  A giant gecko zombie (D:7)
  3 goblins
  An orc skeleton (D:9)
  A rat (D:8)
  2 spectral orcs (Orc:3)
  3 plants
142 creatures vanquished.

Vanquished Creatures (others)
  2 wights
  2 mummies
  A hobgoblin (D:11)
  2 plants (D:10)
7 creatures vanquished.

Grand Total: 386 creatures vanquished

Notes
Turn   | Place    | Note
--------------------------------------------------------------
     0 | D:1      | FIQ, the Minotaur Death Knight, began the quest for the Orb.
     0 | D:1      | Reached XP level 1. HP: 18/18 MP: 1/1
    69 | D:1      | Reached XP level 2. HP: 25/25 MP: 1/1
   381 | D:1      | Reached skill level 3 in Axes
   703 | D:2      | Reached XP level 3. HP: 16/30 MP: 3/3
   814 | D:2      | Acquired Yredelemnul's second power
   931 | D:2      | Reached XP level 4. HP: 34/38 MP: 4/4
  1137 | D:2      | Noticed Ijyb
  1151 | D:2      | Killed Ijyb
  1151 | D:2      | Reached skill level 4 in Axes
  1547 | D:3      | Noticed FIQ's ghost (average MiDK)
  1557 | D:3      | Killed FIQ's ghost
  1557 | D:3      | Reached XP level 5. HP: 23/45 MP: 5/5
  1674 | D:3      | Noticed Jessica
  1683 | D:3      | Killed Jessica
  1993 | D:3      | Paralysed by a potion of paralysis for 5 turns
  2027 | D:3      | Reached XP level 6. HP: 44/52 MP: 7/7
  2134 | D:3      | Reached skill level 5 in Axes
  2140 | D:3      | Acquired Yredelemnul's third power
  2575 | D:4      | Found a staircase to the Ecumenical Temple.
  2735 | D:5      | Entered Level 5 of the Dungeon
  2811 | D:5      | Reached XP level 7. HP: 46/59 MP: 8/8
  2868 | D:5      | Reached skill level 6 in Axes
  2920 | D:5      | Received a gift from Yredelemnul
  3325 | D:5      | Found a radiant altar of Vehumet.
  3474 | D:5      | Noticed Sigmund
  3481 | D:5      | Killed Sigmund
  3496 | D:5      | Found a glowing silver altar of Zin.
  3518 | D:5      | Noticed Grinder
  3535 | D:5      | Killed Grinder
  3535 | D:5      | Reached XP level 8. HP: 64/67 MP: 8/9
  4039 | D:5      | HP: 3/67 [ogre/giant spiked club (28)]
  4040 | D:5      | Reached skill level 5 in Fighting
  4040 | D:5      | Reached skill level 7 in Axes
  4268 | D:6      | Found Oxzuaph's Distillery.
  4269 | D:6      | Noticed a hill giant
  4286 | D:6      | Killed a hill giant
  4286 | D:6      | Reached skill level 5 in Invocations
  4308 | D:6      | Bought 2 potions of degeneration for 56 gold pieces
  4308 | D:6      | Bought 2 potions of brilliance for 70 gold pieces
  4308 | D:6      | Bought a potion of brilliance for 35 gold pieces
  4308 | D:6      | Bought a potion of mutation for 35 gold pieces
  4308 | D:6      | Bought a potion of lignification for 28 gold pieces
  4308 | D:6      | Bought 2 potions of agility for 70 gold pieces
  4319 | D:6      | Gained mutation: You digest meat inefficiently. [potion of mutation]
  4319 | D:6      | Gained mutation: You are agile. (Dex +2) [potion of mutation]
  4319 | D:6      | Gained mutation: Your muscles are strong. (Str +2) [potion of mutation]
  4346 | D:6      | Reached skill level 5 in Dodging
  4386 | D:6      | Acquired Yredelemnul's fourth power
  4415 | D:6      | Reached skill level 8 in Axes
  4469 | D:6      | Reached skill level 5 in Armour
  4793 | D:6      | Received a gift from Yredelemnul
  4854 | D:6      | Noticed Menkaure
  4861 | D:6      | Killed Menkaure
  4901 | D:6      | Found a basalt altar of Yredelemnul.
  4984 | D:6      | HP: 2/70 [orc warrior/mace (17)]
  5235 | D:7      | Reached XP level 9. HP: 45/75 MP: 12/12
  5298 | D:7      | Received a gift from Yredelemnul
  5316 | D:7      | Paralysed by a giant eyeball for 4 turns
  5729 | D:7      | Reached skill level 9 in Axes
  6142 | D:8      | Paralysed by a giant eyeball for 2 turns
  6415 | D:9      | Received a gift from Yredelemnul
  6539 | D:9      | Reached skill level 10 in Axes
  6639 | D:9      | Reached XP level 10. HP: 39/86 MP: 16/16
  6656 | D:9      | Found a staircase to the Orcish Mines.
  6918 | D:9      | Noticed Blork the orc
  6920 | D:9      | Killed Blork the orc
  7172 | Orc:1    | Entered Level 1 of the Orcish Mines
  7178 | Orc:1    | Acquired Yredelemnul's fifth power
  7612 | Orc:2    | Noticed Fannar
  7624 | Orc:2    | Killed Fannar
  7785 | Orc:2    | Found a roughly hewn altar of Beogh.
  7974 | Orc:3    | Found a staircase to the Elven Halls.
  7991 | Orc:3    | Received a gift from Yredelemnul
  8111 | Elf:1    | Entered Level 1 of the Elven Halls
  8111 | Elf:1    | Noticed a deep elf summoner
  8117 | Elf:1    | Killed a deep elf summoner
  8117 | Elf:1    | Enslaved a deep elf summoner
  8118 | Elf:1    | Noticed a deep elf summoner
  8512 | Orc:3    | Found a roughly hewn altar of Beogh.
  8607 | Orc:3    | Noticed Nergalle
  8617 | Orc:3    | Killed Nergalle
  8617 | Orc:3    | Reached skill level 11 in Axes
  8944 | D:10     | Entered Level 10 of the Dungeon
  9059 | D:10     | Noticed Psyche
  9067 | D:10     | Killed Psyche
  9068 | D:10     | Received a gift from Yredelemnul
  9106 | D:10     | Found a burning altar of Makhleb.
  9399 | D:10     | Noticed a hill giant
  9401 | D:10     | Noticed Sonja
  9406 | D:10     | Killed a hill giant
  9412 | D:10     | Found a staircase to the Lair.
  9766 | D:10     | Noticed a hill giant
  9773 | D:10     | Killed a hill giant
  9805 | D:10     | Reached XP level 11. HP: 58/95 MP: 18/18
  9820 | D:10     | Got a warped leather armour
  9835 | D:10     | Identified the +2 leather armour of the Six Ships {Str-3 Dex-3} (You found it on level 10 of the Dungeon)
 10070 | D:11     | HP: 1/95 [centaur/arrow (17)]
 10071 | D:11     | Shot with an arrow by a centaur

Action                   |  1- 3 |  4- 6 |  7- 9 | 10-12 || total
-------------------------+-------+-------+-------+-------++-------
Melee: Hand axe          |    82 |   188 |   143 |       ||   413
       Whip              |       |       |   156 |   207 ||   363
Invok: Animate Dead      |       |       |     1 |       ||     1
       Enslave Soul      |       |       |       |     2 ||     2
Evoke: Wand              |       |     1 |     6 |     1 ||     8
  Use: Scroll            |     2 |     4 |    11 |     1 ||    18
       Potion            |     2 |     5 |     2 |     2 ||    11
 Stab: Distracted        |       |       |     3 |     2 ||     5
       Paralysed         |       |       |     1 |       ||     1
